 Dungeon Crawl Stone Soup version 0.19.4-8-ga85b6b9 (webtiles) character file.

419 Kosschaser the Chopper (level 6, -2/79 HPs)
             Began as a Draconian Berserker on Feb 14, 2017.
             Was a Believer of Trog.
             Slain by a bullfrog (4 damage)
             ... on level 6 of the Dungeon.
             The game lasted 00:14:16 (3405 turns).

Kosschaser the Chopper (Draconian Berserker)        Turns: 3405, Time: 00:14:17

Health: -2/79      AC:  6    Str: 26    XL:     6   Next: 62%
Magic:  6/6        EV: 13    Int:  8    God:    Trog [**....]
Gold:   268        SH:  0    Dex: 10    Spells: 0 memorised, 5 levels left

rFire  . . .     SeeInvis .     a - +0 hand axe
rCold  . . .     Gourm    .     (armour unavailable)
rNeg   . . .     Faith    .     (no shield)
rPois  .         Spirit   .     (helmet restricted)
rElec  .         Reflect  .     (no cloak)
rCorr  .         Harm     .     (no gloves)
MR     +....                    (no boots)
Stlth  ..........               (no amulet)
                                (no ring)
                                i - ring of protection from magic

@: berserking, very quick
A: unfitting armour, cold-blooded, AC +6
a: Berserk, Trog's Hand, Burn Spellbooks, Renounce Religion


You were on level 6 of the Dungeon.
You worshipped Trog.
Trog was pleased with you.
You were very hungry.

You visited 1 branch of the dungeon, and saw 4 of its levels.

You collected 268 gold pieces.

Inventory:

Hand Weapons
 a - a +0 hand axe (weapon)
Missiles
 e - 80 stones (quivered)
Jewellery
 i - a ring of protection from magic (left hand)
Wands
 o - a wand of confusion (27/48)
Scrolls
 c - 2 scrolls of teleportation
 d - a scroll of recharging {unknown}
 f - a scroll of remove curse {unknown}
 j - a scroll of fog {unknown}
 m - a scroll of magic mapping {unknown}
 n - 2 scrolls of amnesia
Potions
 g - a potion of lignification
 h - a potion of cancellation {unknown}
 k - a potion of cure mutation {unknown}
 l - 2 potions of curing {unknown}
Comestibles
 b - 3 bread rations
 p - a chunk of flesh


   Skills:
 + Level 4.6 Fighting
 + Level 5.4 Axes
 + Level 1.0 Throwing
 + Level 4.2 Dodging
 + Level 1.2 Stealth


You had 5 spell levels left.
You didn't know any spells.

Dungeon Overview and Level Annotations

Branches:
Dungeon (3/15)

Altars:
Gozag
Nemelex Xobeh
Beogh

Shops:
D:3 *

Annotations:
D:3 Feta's ghost, amateur HEHu


Innate Abilities, Weirdness & Mutations

Your plain brown scales are hard. (AC +6)
You cannot fit into any form of body armour.
You are cold-blooded and may be slowed by cold attacks.


Message History

The bullfrog swells and bulges.
The bullfrog hits you.
* * * LOW HITPOINT WARNING * * *
The bullfrog hits you but does no damage.
You closely miss the bullfrog.
Your tail-slap misses the bullfrog.
The bullfrog barely misses you.
A red film seems to cover your vision as you go berserk!
You feel yourself moving faster!
You feel mighty!
You are feeling very hungry.
The bullfrog hits you.
* * * LOW HITPOINT WARNING * * *
The bullfrog barely misses you.
You slash the bullfrog! You tail-slap the bullfrog!
The bullfrog is almost dead.
The bullfrog hits you.
* * * LOW HITPOINT WARNING * * *
You closely miss the bullfrog.
The bullfrog is almost dead.
The bullfrog hits you.
You die...

#..##.>...[......
####..#..#.....>....
........###...#####
####.##..#..#.###.#
#.###...##.##.# #.#
#.####..รท## #.# #..
#..## #.# # . #...##
#.# #...@# ####.#
#....F...# ...(.#
#........# ######
#...........
##.##.####.# #.# .#
. #. .# #. .#


You could see a bullfrog.

Vanquished Creatures
  A bullfrog (D:6)
  A scorpion (D:6)
  A crimson imp (D:6)
  2 orc priests (D:3)
  A hound (D:6)
  An iguana (D:6)
  7 adders
  A howler monkey skeleton (D:6)
  2 oozes (D:2)
  2 leopard geckos (D:2)
  9 orcs (D:3)
  A giant cockroach (D:2)
  8 goblins
  8 hobgoblins
  4 jackals (D:2)
  4 kobolds
  2 quokkas (D:3)
  5 bats
  4 frilled lizards
  A quokka zombie (D:6)
  6 rats
71 creatures vanquished.

Notes
Turn   | Place    | Note
-------+----------+-------------------------------------------
     0 | D:1      | Kosschaser the Draconian Berserker began the quest for the Orb.
     0 | D:1      | Reached XP level 1. HP: 19/19 MP: 1/1
   322 | D:1      | Reached XP level 2. HP: 26/26 MP: 2/2
   999 | D:2      | Reached XP level 3. HP: 33/33 MP: 3/3
  1249 | D:2      | Found a sparkling altar of Nemelex Xobeh.
  1335 | D:2      | Reached ** piety under Trog
  1507 | D:2      | Reached XP level 4. HP: 32/40 MP: 4/4
  1610 | D:3      | Reached skill level 4 in Axes
  1620 | D:3      | Found an opulent altar of Gozag.
  1621 | D:3      | Found Gozag's Platinum Reserve.
  1777 | D:3      | Found a roughly hewn altar of Beogh.
  1952 | D:3      | Found a faded altar of an unknown god.
  1972 | D:3      | Reached XP level 5. HP: 26/46 MP: 5/5
  2173 | D:3      | Reached skill level 1 in Throwing
  2492 | D:3      | Reached skill level 1 in Stealth
  2562 | D:3      | Found a faded altar of an unknown god.
  2562 | D:3      | Found a faded altar of an unknown god.
  2567 | D:3      | Found a faded altar of an unknown god.
  2569 | D:3      | Found a sparkling altar of Nemelex Xobeh.
  2570 | D:3      | Found a faded altar of an unknown god.
  2687 | D:3      | Noticed Feta's ghost (amateur HEHu)
  2698 | D:3      | You fall through a shaft for 3 floors!
  2751 | D:6      | Noticed a centaur
  2916 | D:6      | Reached skill level 5 in Axes
  2916 | D:6      | Reached XP level 6. HP: 13/53 MP: 6/6
  3403 | D:6      | HP: 2/79 [bullfrog (2)]
  3405 | D:6      | Slain by a bullfrog

Skill      XL: |  1  2  3  4  5 |
---------------+----------------+-----
Dodging        | 3 4 |  4.2
Axes           | 4 5 |  5.4
Fighting       | 4 |  4.6
Throwing       | 1 |  1.0
Stealth        | 1 |  1.2

Action                   |  1- 3 |  4- 6 || total
-------------------------+-------+-------++-------
Melee: Hand axe          |   102 |   221 ||   323
       Tailslap          |    10 |    24 ||    34
Throw: Stone             |    26 |     8 ||    34
Invok: Trog's Hand       |       |     5 ||     5
       Berserk           |       |     3 ||     3
  Use: Scroll            |       |     4 ||     4
 Stab: Sleeping          |       |     1 ||     1
  Eat: Chunk             |     1 |    11 ||    12
Armor: Skin              |    33 |    57 ||    90
Dodge: Dodged            |    80 |   174 ||   254
